 Dungeon Crawl Stone Soup version 0.30-a0-715-gdb4ae3ece1 (webtiles) character file.

Game seed: 6761863184177954560

101 gelatine the Firebug (level 4, -2/32 HPs)
             Began as a Demonspawn Fire Elementalist on Jan 24, 2023.
             Slain by Sigmund
             ... wielding a +0 scythe
              (8 damage)
             ... on level 2 of the Dungeon.
             The game lasted 00:02:55 (1592 turns).

gelatine the Firebug (Demonspawn Fire Elementalist) Turns: 1592, Time: 00:02:56

Health: -2/32      AC:  4    Str:  8    XL:     4   Next: 48%
Magic:  2/7        EV: 12    Int: 24    God:
Gold:   59         SH:  0    Dex: 14    Spells: 7/8 levels left

rFire   . . .      SeeInvis .    d - +0 falchion
rCold   . . .      Faith    .    (no shield)
rNeg    . . .      Spirit   .    a - +0 robe
rPois   .          Reflect  .    (no helmet)
rElec   .          Harm     .    (no cloak)
rCorr   .          Rampage  .    (no gloves)
Will    .....                    (no boots)
Stlth   +                        (no amulet)
HPRegen 0.25/turn                f - +6 ring of intelligence
MPRegen 0.10/turn                (no ring)

@: confused, hasted, very quick
A: thin metallic scales 1
a: no special abilities


You were on level 2 of the Dungeon.
You visited 1 branch of the dungeon, and saw 2 of its levels.

You collected 59 gold pieces.

Inventory:

Hand Weapons
 d - a +0 falchion (weapon)
Armour
 a - a +0 robe (worn)
Jewellery
 f - a +6 ring of intelligence (left hand)
Scrolls
 c - a scroll of teleportation {unknown}
Potions
 b - a potion of magic
 e - 2 potions of haste


   Skills:
 * Level 1.0 Fighting
 * Level 2.2 Dodging
 + Level 2.0 Stealth
 + Level 0.2 Unarmed Combat
 + Level 2.6 Spellcasting
 * Level 2.2 Conjurations
 * Level 3.3 Fire Magic


You had 7 spell levels left.
You knew the following spells:

 Your Spells              Type           Power      Damage    Failure   Level
a - Foxfire               Conj/Fire      64%        2x1d7     3%          1

Your spell library contained the following spells:

 Spells                   Type           Power      Damage    Failure   Level
 Scorch                   Fire           38%        2d7       4%          2
 Inner Flame              Hex/Fire       11%        N/A       17%         3
 Hailstorm                Conj/Ice       8%         3d4       22%         3
 Kindle Blastsparks       Fire/Tloc/Air  16%        2d11      22%         3
 Summon Guardian Golem    Hex/Summ       3%         N/A       34%         3
 Flame Wave               Conj/Fire      16%        2d7       34%         4
 Ice Form                 Ice/Tmut       3%         N/A       75%         4
 Simulacrum               Ice/Necr       1%         N/A       100%        6
 Orb of Destruction       Conj           6%         9d6       100%        7
 Spellforged Servitor     Conj/Summ      4%         N/A       100%        7


Dungeon Overview and Level Annotations

Branches:
Dungeon (2/15)

Altars:

Annotations:
D:2 Sigmund


Innate Abilities, Weirdness & Mutations

You are partially covered in thin metallic scales. (AC +2)


Message History

Deactivating autopickup; reactivate with Ctrl-A.
You see here a frilled lizard corpse.
You conjure some foxfire!
The bat barely misses you.
The foxfire hits the bat.
The bat is moderately wounded.
The foxfire hits the bat.
The bat is severely wounded.
The bat barely misses you.
The foxfire hits the bat.
You kill the bat!
You conjure some foxfire!
The foxfire hits the kobold.
The kobold is moderately wounded.
You hit the kobold.
You kill the kobold!
The foxfire hits something.
You hear some strange, mumbled words.
Something tries to affect you, but you resist.
Something hits you.
Things that are here:
a +0 club; a bat corpse You conjure some foxfire!
Something hits you.
The foxfire hits something. x2
You conjure some foxfire!
Your foxfire dissipates!
You hear some strange, mumbled words.
Something tries to affect you, but you resist.
Things that are here:
a +0 club; a bat corpse You miss something.
Something hits you.
You hit something but do no damage. Something hits you.
You barely miss something. Something hits you.
You closely miss something. Something hits you!
* * * LOW HITPOINT WARNING * * *
You miss something.
You hear some strange, mumbled words.
You are confused.
It was a potion of haste.
You feel yourself speed up. Something hits you but does no damage.
You closely miss something. You closely miss something. Something hits you!
You die...

#.# #.#..
#.#.# #.#.#
#.#.# #.#.#
#.#.# #.#{#
#
#.#@#.####.
#.†........
###########


There were no monsters in sight!

Vanquished Creatures
  Natasha (twice) (D:2)
  An adder (D:2)
  2 dart slugs (D:1)
  5 ball pythons
  An endoplasm (D:2)
  3 giant cockroaches
  A hobgoblin (D:1)
  4 jackals (D:1)
  4 kobolds
  6 bats
  2 frilled lizards (D:2)
  4 goblins
  5 rats
40 creatures vanquished.

Vanquished Creatures (collateral kills)
  A foxfire (D:2)
1 creature vanquished.

Vanquished Creatures (others)
  104 foxfires
104 creatures vanquished.

Grand Total: 145 creatures vanquished

Notes
Turn   | Place    | Note
-------+----------+-------------------------------------------
     0 | D:1      | gelatine the Demonspawn Fire Elementalist began the quest
                  | for the Orb.
     0 | D:1      | Reached XP level 1. HP: 13/13 MP: 3/3
   368 | D:1      | Reached skill level 3 in Fire Magic
   368 | D:1      | Gained mutation: You are partially covered in thin metallic
                  | scales. (AC +2) [demonic ancestry]
   368 | D:1      | Reached XP level 2. HP: 15/20 MP: 1/5
  1147 | D:2      | Reached XP level 3. HP: 25/25 MP: 3/6
  1176 | D:2      | Noticed Natasha
  1181 | D:2      | Killed Natasha
  1443 | D:2      | Reached XP level 4. HP: 31/31 MP: 3/7
  1557 | D:2      | Noticed Natasha
  1566 | D:2      | Killed Natasha
  1567 | D:2      | Reached skill level 1 in Fighting
  1574 | D:2      | Noticed Sigmund
  1592 | D:2      | Slain by Sigmund

Illustrated notes

Levels and vault maps discovered:
D:1:      elethiomel_arrival_infinity_welcomes_careful_drivers,
          layout_loops_ring, chequers_decorated_corner
D:2:      layout_basic, uniq_sigmund, uniq_natasha, uniq_crazy_yiuf_cottage

Skill      XL: |  1  2  3  4 |
---------------+-------------+-----
Fire Magic     | 3 |  3.3
Dodging        | 2 |  2.2
Conjurations   | 2 |  2.2
Fighting       | 1 |  1.0
Stealth        | 2 |  2.0
Unarmed Combat | |  0.2
Spellcasting   | |  2.6

Action                     |  1- 3 |  4- 6 || total
---------------------------+-------+-------++-------
  Melee: Unarmed           |    42 |       ||    42
         Falchion          |    10 |    17 ||    27
         Punch             |     1 |       ||     1
   Cast: Foxfire           |    58 |    11 ||    69
    Use: Potion            |       |     1 ||     1
 Armour: Robe              |    19 |     3 ||    22
  Dodge: Dodged            |    36 |    12 ||    48

Table legend: (Time is in decaauts)
 A = Elapsed time spent in this place.
 B = Non-inter-level travel time spent in this place.
 C = Inter-level travel time spent in this place.
 D = Time resting spent in this place.
 E = Time spent auto-exploring this place.
 F = Levels seen in this place.
 G = Mean time per level.
                   A        B        C        D        E       F      G
               +--------+--------+--------+--------+--------+-----+--------+
         Total |   1598 |   1598 |      0 |      0 |   1321 |   2 |  799.0 |
       Dungeon |   1598 |   1598 |      0 |      0 |   1321 |   2 |  799.0 |
               +--------+--------+--------+--------+--------+-----+--------+

Top non-repeatable levels by time:
     D:1: 1097 daAuts
     D:2: 500 daAuts
